PAAA
BAKERSFIELD NOBLES @ AUGUSTA TIMBER HAWKS
09/25/2023
 
TOP OF THE 1ST
Bakersfield Nobles batting - Pitching for Augusta Timber Hawks : RHP Connor Dale
Pitching: RHP Connor Dale
Batting: RHB Mario Blanco 0-0: Called Strike
0-1: Ball
1-1: Ball
2-1: Fly out, F9 (Flyball, 89M)
Batting: LHB Luis Velázquez 0-0: Ball
1-0: Ball
2-0: Ball
3-0: Called Strike
3-1: Base on Balls
Batting: LHB Emery Miller 0-0: Ball
1-0: Fly out, F7 (Flyball, 78D)
Batting: LHB Jorge Pérez 0-0: Called Strike
Luis Velázquez is caught stealing 2nd base
Top of the 1st over - 0 run(s), 0 hit(s), 0 error(s), 0 left on base; Bakersfield 0 - Augusta 0
BOTTOM OF THE 1ST
Augusta Timber Hawks batting - Pitching for Bakersfield Nobles : LHP Bryan Houston
Pitching: LHP Bryan Houston
Batting: RHB Enrique Pimentel 0-0: Ball
1-0: Ball
2-0: Called Strike
2-1: Called Strike
2-2: Ball
3-2: Base on Balls
Batting: RHB Ralph McKnight 0-0: Ball
1-0: Ball
2-0: Ball
3-0: Called Strike
3-1: Called Strike
3-2: SINGLE (Groundball, 56D)
Enrique Pimentel to second
Enrique Pimentel to third
Batting: RHB Bob Sargent 0-0: Ball
1-0: Ball
Ralph McKnight steals 2nd base
2-0: Ground out 5-3 (Groundball, 56)
Enrique Pimentel scores
Batting: RHB Steve Hinkle 0-0: Ball
1-0: Swinging Strike
1-1: Ball
2-1: Called Strike
2-2: Foul Ball, location: 2F
2-2: Foul Ball, location: 2F
2-2: Ball
3-2: Foul Ball, location: 2F
3-2: Base on Balls
Batting: LHB Chris Rice 0-0: Foul Ball, location: 2F
0-1: Ball
1-1: Ground out 5-3 (Groundball, 56S)
Ralph McKnight to third
Steve Hinkle to second
Batting: RHB Rob Warner 0-0: SINGLE (Groundball, 56D)
Ralph McKnight scores
Steve Hinkle to third
Runner from 3rd tries for Home, SAFE, no throw or cutoff
Batting: LHB Emílio Barbán 0-0: Ball
1-0: Called Strike
1-1: Foul Ball, location: 2F
1-2: Strikes out looking
Bottom of the 1st over - 3 run(s), 2 hit(s), 0 error(s), 1 left on base; Bakersfield 0 - Augusta 3
TOP OF THE 2ND
Bakersfield Nobles batting - Pitching for Augusta Timber Hawks : RHP Connor Dale
Batting: LHB Jorge Pérez 0-0: Ball
1-0: Ball
2-0: Swinging Strike
2-1: Fly out, F8 (Flyball, 8LM)
Batting: RHB Arnie Latham 0-0: Called Strike
0-1: Called Strike
0-2: Foul Ball, location: 2F
0-2: Ball
1-2: Foul Ball, location: 2F
1-2: Ball
2-2: Fly out, F8 (Flyball, 8LM)
Batting: LHB Markus Richardson 0-0: Ball
1-0: Ball
2-0: Ball
3-0: Base on Balls
Batting: SHB Ray Davis 0-0: Ball
1-0: Ball
2-0: Swinging Strike
2-1: Ball
3-1: Base on Balls
Markus Richardson to second
Batting: RHB Ted Cook 0-0: Called Strike
0-1: Ground out 1-3 (Groundball, 15)
Top of the 2nd over - 0 run(s), 0 hit(s), 0 error(s), 2 left on base; Bakersfield 0 - Augusta 3
BOTTOM OF THE 2ND
Augusta Timber Hawks batting - Pitching for Bakersfield Nobles : LHP Bryan Houston
Batting: RHB Hiwahikeiki Noelani 0-0: Called Strike
0-1: Ball
1-1: Ground out 4-3 (Groundball, 4)
Batting: RHB Marlon Cummins 0-0: Ball
1-0: Ball
2-0: SINGLE (Flyball, 6MD)
Batting: RHB Enrique Pimentel 0-0: Ball
1-0: Called Strike
1-1: Called Strike
1-2: Ball
2-2: Grounds into double play, 5-4-3 (Groundball, 56)
Bottom of the 2nd over - 0 run(s), 1 hit(s), 0 error(s), 0 left on base; Bakersfield 0 - Augusta 3
TOP OF THE 3RD
Bakersfield Nobles batting - Pitching for Augusta Timber Hawks : RHP Connor Dale
Batting: RHB Vincente Flores 0-0: Called Strike
0-1: Ball
1-1: Ball
2-1: Foul Ball, location: 2F
2-2: Foul Ball, location: 2F
2-2: Fly out, F9 (Flyball, 89M)
Batting: RHB Mario Blanco 0-0: Ball
1-0: Ground out 4-3 (Groundball, 4M)
Batting: LHB Luis Velázquez 0-0: Ball
1-0: Foul Ball, location: 2F
1-1: Ball
2-1: Ball
3-1: Foul Ball, location: 2F
3-2: SINGLE (Groundball, 34)
Batting: LHB Emery Miller 0-0: Ball
1-0: Ball
2-0: Ball
3-0: Called Strike
3-1: Called Strike
3-2: DOUBLE (Flyball, 89XD)
Luis Velázquez to third
Luis Velázquez scores
Batting: LHB Jorge Pérez 0-0: Called Strike
0-1: Ball
1-1: SINGLE (Groundball, 34)
Emery Miller to third
Runner from 3rd tries for Home, SAFE, no throw or cutoff
Batting: RHB Arnie Latham 0-0: Foul Ball, location: 2F
0-1: Ball
1-1: Ball
2-1: Swinging Strike
2-2: Ball
3-2: Foul Ball, location: 2F
3-2: Base on Balls
Jorge Pérez to second
Batting: LHB Markus Richardson 0-0: Foul Ball, location: 2F
0-1: Ball
1-1: Ball
Wild Pitch!
Jorge Pérez to third
Arnie Latham to second
2-1: Ball
3-1: Foul Ball, location: 2F
3-2: Strikes out looking
Top of the 3rd over - 2 run(s), 3 hit(s), 0 error(s), 2 left on base; Bakersfield 2 - Augusta 3
BOTTOM OF THE 3RD
Augusta Timber Hawks batting - Pitching for Bakersfield Nobles : LHP Bryan Houston
Batting: RHB Ralph McKnight 0-0: Swinging Strike
0-1: Ball
1-1: Foul Ball, location: 2F
1-2: Ball
2-2: Ball
3-2: Ground out U3 (Groundball, 3S)
Batting: RHB Bob Sargent 0-0: Swinging Strike
0-1: Ball
1-1: Foul Ball, location: 2F
1-2: Ball
2-2: Foul Ball, location: 2F
2-2: Ball
3-2: Fly out, F9 (Flyball, 89D)
Batting: RHB Steve Hinkle 0-0: Fly out, F8 (Line Drive, 8LD)
Bottom of the 3rd over - 0 run(s), 0 hit(s), 0 error(s), 0 left on base; Bakersfield 2 - Augusta 3
TOP OF THE 4TH
Bakersfield Nobles batting - Pitching for Augusta Timber Hawks : RHP Connor Dale
Batting: SHB Ray Davis 0-0: Ball
1-0: Ball
2-0: Fly out, F6 (Popup, 56)
Batting: RHB Ted Cook 0-0: Ball
1-0: Called Strike
1-1: Ball
2-1: Ball
3-1: Ground out 6-3 (Groundball, 6M)
Batting: RHB Vincente Flores 0-0: Ball
1-0: Called Strike
1-1: Ball
2-1: Fly out, F3 (Popup, 3F)
Top of the 4th over - 0 run(s), 0 hit(s), 0 error(s), 0 left on base; Bakersfield 2 - Augusta 3
BOTTOM OF THE 4TH
Augusta Timber Hawks batting - Pitching for Bakersfield Nobles : LHP Bryan Houston
Batting: LHB Chris Rice 0-0: Ball
1-0: Ball
2-0: Foul Ball, location: 2F
2-1: SINGLE (Groundball, 34D)
Batting: RHB Rob Warner 0-0: Ball
1-0: Ball
2-0: Ball
3-0: Called Strike
3-1: Foul Ball, location: 2F
3-2: Grounds into double play, 5-4-3 (Groundball, 56)
Batting: LHB Emílio Barbán 0-0: Called Strike
0-1: Fly out, F7 (Flyball, 78M)
Bottom of the 4th over - 0 run(s), 1 hit(s), 0 error(s), 0 left on base; Bakersfield 2 - Augusta 3
TOP OF THE 5TH
Bakersfield Nobles batting - Pitching for Augusta Timber Hawks : RHP Connor Dale
Batting: RHB Mario Blanco 0-0: Called Strike
0-1: Ball
1-1: Ball
2-1: Foul Ball, location: 2F
2-2: Strikes out swinging
Batting: LHB Luis Velázquez 0-0: Ball
1-0: Called Strike
1-1: Called Strike
1-2: Ball
2-2: Strikes out looking
Batting: LHB Emery Miller 0-0: Foul Ball, location: 2F
0-1: Ball
1-1: Ball
2-1: DOUBLE (Flyball, 89XD)
Batting: LHB Jorge Pérez 0-0: Called Strike
0-1: Foul Ball, location: 2F
0-2: Ground out 4-3 (Groundball, 4)
Top of the 5th over - 0 run(s), 1 hit(s), 0 error(s), 1 left on base; Bakersfield 2 - Augusta 3
BOTTOM OF THE 5TH
Augusta Timber Hawks batting - Pitching for Bakersfield Nobles : LHP Bryan Houston
Batting: RHB Hiwahikeiki Noelani 0-0: Ball
1-0: Ball
2-0: Fly out, F3 (Popup, 34)
Batting: RHB Marlon Cummins 0-0: Called Strike
0-1: Ball
1-1: Ball
2-1: Fly out, F3 (Popup, 3S)
Batting: RHB Enrique Pimentel 0-0: Swinging Strike
0-1: Foul Ball, location: 2F
0-2: Foul Ball, location: 2F
0-2: Strikes out swinging
Bottom of the 5th over - 0 run(s), 0 hit(s), 0 error(s), 0 left on base; Bakersfield 2 - Augusta 3
TOP OF THE 6TH
Bakersfield Nobles batting - Pitching for Augusta Timber Hawks : RHP Connor Dale
Batting: RHB Arnie Latham 0-0: Swinging Strike
0-1: Ball
1-1: Swinging Strike
1-2: Ball
2-2: Foul Ball, location: 2F
2-2: Ball
3-2: Base on Balls
Pitching: RHP Tom Sosa
Batting: LHB Markus Richardson 0-0: Bunt missed!
0-1: Bunted foul
0-2: Fly out, F8 (Flyball, 8RM)
Batting: SHB Ray Davis 0-0: Fly out, F6 (Popup, 6MS)
Batting: RHB Ted Cook 0-0: Ball
1-0: Ball
2-0: SINGLE (Flyball, 8LS)
Arnie Latham to second
Batting: RHB Vincente Flores 0-0: Foul Ball, location: 2F
0-1: Foul Ball, location: 2F
0-2: Foul Ball, location: 2F
0-2: Ball
1-2: Ball
2-2: Foul Ball, location: 2F
2-2: Foul Ball, location: 2F
2-2: Foul Ball, location: 2F
2-2: Fielders Choice at 2nd, U6 (Groundball, 6M)
Top of the 6th over - 0 run(s), 1 hit(s), 0 error(s), 2 left on base; Bakersfield 2 - Augusta 3
BOTTOM OF THE 6TH
Augusta Timber Hawks batting - Pitching for Bakersfield Nobles : LHP Bryan Houston
Batting: RHB Ralph McKnight 0-0: Called Strike
0-1: Foul Ball, location: 2F
0-2: Foul Ball, location: 2F
0-2: Strikes out swinging
Batting: RHB Bob Sargent 0-0: Called Strike
0-1: Ground out 5-3 (Groundball, 5)
Batting: RHB Steve Hinkle 0-0: Ball
1-0: Ball
2-0: Called Strike
2-1: Fly out, F9 (Flyball, 9M)
Bottom of the 6th over - 0 run(s), 0 hit(s), 0 error(s), 0 left on base; Bakersfield 2 - Augusta 3
TOP OF THE 7TH
Bakersfield Nobles batting - Pitching for Augusta Timber Hawks : RHP Tom Sosa
Batting: RHB Mario Blanco 0-0: Ball
1-0: Ball
2-0: Called Strike
2-1: Foul Ball, location: 2F
2-2: Ball
3-2: Fly out, F8 (Flyball, 8LM)
Batting: LHB Luis Velázquez 0-0: Ball
1-0: Ball
2-0: SOLO HOME RUN (Flyball, 8LXD), Distance : 447 ft
Batting: LHB Emery Miller 0-0: Ball
1-0: Foul Ball, location: 2F
1-1: Ball
2-1: Foul Ball, location: 2F
2-2: SOLO HOME RUN (Flyball, 9D), Distance : 390 ft
Batting: LHB Jorge Pérez 0-0: SINGLE (Groundball, 4MD)
Pinch Hitting: RHB Abílio Conceio 0-0: Ball
1-0: Ball
2-0: Called Strike
2-1: Ground out 4-3 (Groundball, 4M)
Jorge Pérez to second
Batting: LHB Markus Richardson 0-0: Called Strike
0-1: Foul Ball, location: 2F
0-2: Fly out, F8 (Flyball, 8LM)
Top of the 7th over - 2 run(s), 3 hit(s), 0 error(s), 1 left on base; Bakersfield 4 - Augusta 3
BOTTOM OF THE 7TH
Augusta Timber Hawks batting - Pitching for Bakersfield Nobles : LHP Bryan Houston
Pitching: LHP Fernando Castro
Now in RF: Abílio Conceio
Batting: LHB Chris Rice 0-0: Ball
1-0: Ground out 6-3 (Groundball, 6)
Batting: RHB Rob Warner 0-0: Called Strike
0-1: Foul Ball, location: 2F
0-2: DOUBLE (Popup, 7LS)
Pinch Hitting: RHB Claudio Mendoza 0-0: Ball
1-0: Ball
2-0: Foul Ball, location: 2F
2-1: Ball
3-1: Base on Balls
Batting: RHB Hiwahikeiki Noelani 0-0: Fielders Choice at 2nd, 6-4 (Groundball, 6M)
Rob Warner to third
Pinch Hitting: RHB Oscar Lewis 0-0: Called Strike
0-1: Foul Ball, location: 2F
0-2: Ball
1-2: Ball
2-2: Ground out 4-3 (Groundball, 4)
Bottom of the 7th over - 0 run(s), 1 hit(s), 0 error(s), 2 left on base; Bakersfield 4 - Augusta 3
TOP OF THE 8TH
Bakersfield Nobles batting - Pitching for Augusta Timber Hawks : RHP Tom Sosa
Now at 2B: Claudio Mendoza
Now at SS: Oscar Lewis
Batting: SHB Ray Davis 0-0: Ball
1-0: Ground out 4-3 (Groundball, 4)
Batting: RHB Ted Cook 0-0: Ball
1-0: Ball
2-0: Ball
3-0: Called Strike
3-1: SOLO HOME RUN (Flyball, 7D), Distance : 413 ft
Pitching: RHP Francisco García
Batting: RHB Vincente Flores 0-0: Ball
1-0: Fly out, F8 (Flyball, 8LM)
Batting: RHB Mario Blanco 0-0: Foul Ball, location: 2F
0-1: Ball
1-1: Swinging Strike
1-2: Foul Ball, location: 2F
1-2: Strikes out swinging
Top of the 8th over - 1 run(s), 1 hit(s), 0 error(s), 0 left on base; Bakersfield 5 - Augusta 3
BOTTOM OF THE 8TH
Augusta Timber Hawks batting - Pitching for Bakersfield Nobles : LHP Fernando Castro
Batting: RHB Enrique Pimentel 0-0: Ball
1-0: Fly out, F9 (Flyball, 89S)
Batting: RHB Ralph McKnight 0-0: Ball
1-0: Swinging Strike
1-1: Foul Ball, location: 2F
1-2: Ball
2-2: Ground out 6-3 (Groundball, 6)
Batting: RHB Bob Sargent 0-0: Called Strike
0-1: Called Strike
0-2: Ball
1-2: Ground out 4-3 (Groundball, 4)
Bottom of the 8th over - 0 run(s), 0 hit(s), 0 error(s), 0 left on base; Bakersfield 5 - Augusta 3
TOP OF THE 9TH
Bakersfield Nobles batting - Pitching for Augusta Timber Hawks : RHP Francisco García
Batting: LHB Luis Velázquez 0-0: Called Strike
0-1: Ball
1-1: Swinging Strike
1-2: Ball
2-2: Strikes out swinging
Batting: LHB Emery Miller 0-0: Ball
1-0: Ball
2-0: Called Strike
2-1: Called Strike
2-2: Ball
3-2: Base on Balls
Batting: LHB Jorge Pérez 0-0: Ball
1-0: Foul Ball, location: 2F
1-1: Ball
2-1: SINGLE (Line Drive, 6MD)
Emery Miller to second
Pitching: RHP Tyler Rodríguez
Batting: RHB Abílio Conceio 0-0: Ball
1-0: SINGLE (Groundball, 6MD)
Emery Miller to third
Jorge Pérez to second
Runner from 3rd tries for Home, SAFE, throw made home
Jorge Pérez to third
Abílio Conceio to second
Batting: LHB Markus Richardson 0-0: Foul Ball, location: 2F
0-1: Fly out, F8 (Flyball, 8LM)
Batting: SHB Ray Davis 0-0: Ball
1-0: Fly out, F8 (Flyball, 8RXD)
Top of the 9th over - 1 run(s), 2 hit(s), 0 error(s), 2 left on base; Bakersfield 6 - Augusta 3
BOTTOM OF THE 9TH
Augusta Timber Hawks batting - Pitching for Bakersfield Nobles : LHP Fernando Castro
Pitching: RHP Edgardo Marín
Batting: RHB Steve Hinkle 0-0: Ball
1-0: Ball
2-0: Called Strike
2-1: Called Strike
2-2: Ground out 6-3 (Groundball, 6)
Batting: LHB Chris Rice 0-0: Fly out, F7 (Flyball, 78M)
Batting: RHB Rob Warner 0-0: Swinging Strike
0-1: Ball
1-1: Ball
2-1: SINGLE (Line Drive, 7LS)
Batting: RHB Claudio Mendoza 0-0: Ball
1-0: Called Strike
1-1: Swinging Strike
1-2: Strikes out swinging
Bottom of the 9th over - 0 run(s), 1 hit(s), 0 error(s), 1 left on base; Bakersfield 6 - Augusta 3
This league is powered by Out of the Park Baseball, the baseball management simulation game for PC, Mac and Linux
Friday, July 8th, 2016 - OOTP Baseball 16.9 Build 39